3A
LOUISIANA DRAGOONS @ BELLEVILLE BULLS
09/03/2032
 
TOP OF THE 1ST
Louisiana Dragoons batting - Pitching for Belleville Bulls : RHP Jeffrey van Veldhuizen
Pitching: RHP Jeffrey van Veldhuizen
Batting: LHB Carlos Barrera 0-0: Ball
1-0: Bunted foul
1-1: Foul Ball, location: 2F
1-2: Ball
2-2: Foul Ball, location: 2F
2-2: Ball
3-2: SINGLE (Flyball, 9LS)
Batting: RHB Mike Printup 0-0: SINGLE (Groundball, 6MD)
Carlos Barrera to second
Batting: RHB Pat Lloyd 0-0: Called Strike
0-1: Ball
1-1: Fly out, F8 (Flyball, 78D)
Batting: LHB Ken Gill 0-0: Ball
Carlos Barrera steals 3rd base
1-0: Called Strike
Mike Printup steals 2nd base
1-1: Ground out 4-3 (Groundball, 4S)
Carlos Barrera scores
Mike Printup to third
Batting: SHB Francisco Enríquez 0-0: Ball
1-0: Swinging Strike
1-1: Ground out 4-3 (Groundball, 4)
Top of the 1st over - 1 run, 2 hits, 0 errors, 1 left on base; Louisiana 1 - Belleville 0
BOTTOM OF THE 1ST
Belleville Bulls batting - Pitching for Louisiana Dragoons : RHP Ricardo Ferreira
Pitching: RHP Ricardo Ferreira
Batting: RHB José Bumgarnor 0-0: Ball
1-0: Swinging Strike
1-1: Ground out 6-3 (Groundball, 6M)
Batting: LHB Don McGhee 0-0: Foul Ball, location: 2F
0-1: Called Strike
0-2: Ball
1-2: Foul Ball, location: 2F
1-2: Ball
2-2: Foul Ball, location: 2F
2-2: Foul Ball, location: 2F
2-2: Ball
3-2: Fly out, F8 (Flyball, 8LM)
Batting: RHB Rey McSriff 0-0: Ball
1-0: Ball
2-0: Foul Ball, location: 2F
2-1: Ball
3-1: Foul Ball, location: 2F
3-2: Strikes out swinging
Bottom of the 1st over - 0 runs, 0 hits, 0 errors, 0 left on base; Louisiana 1 - Belleville 0
TOP OF THE 2ND
Louisiana Dragoons batting - Pitching for Belleville Bulls : RHP Jeffrey van Veldhuizen
Batting: RHB Hang-ki Chung 0-0: Called Strike
0-1: Foul Ball, location: 2F
0-2: Foul Ball, location: 2F
0-2: DOUBLE (Flyball, 89XD)
Pitching: LHP Dong Zhào
Batting: LHB Bill Gracián 0-0: Called Strike
0-1: Ball
1-1: Ground out U3 (Groundball, 3)
Hang-ki Chung to third
Batting: RHB Min-gook Ch'oe 0-0: Called Strike
0-1: Swinging Strike
0-2: Strikes out looking
Batting: RHB Carlos Amaya 0-0: Ball
1-0: Fly out, F9 (Line Drive, 9)
Top of the 2nd over - 0 runs, 1 hit, 0 errors, 1 left on base; Louisiana 1 - Belleville 0
BOTTOM OF THE 2ND
Belleville Bulls batting - Pitching for Louisiana Dragoons : RHP Ricardo Ferreira
Batting: RHB Silvian Burger 0-0: Ball
1-0: Ball
2-0: Ball
3-0: Called Strike
3-1: Base on Balls
Batting: RHB Cheh Zhi 0-0: Ball
1-0: Fly out, F6 (Line Drive, 6)
Batting: RHB Eric Harvey 0-0: SINGLE (Line Drive, 56D)
Silvian Burger to second
Batting: RHB Manuel Vroonland 0-0: Ball
1-0: Foul Ball, location: 2F
1-1: Ball
2-1: Foul Ball, location: 2F
2-2: SINGLE (Flyball, 9LS)
Silvian Burger to third
Eric Harvey to second
Runner from 3rd tries for Home, SAFE, no throw
Batting: SHB Júlio Moreno 0-0: Ball
1-0: Ball
2-0: Fielders Choice at 2nd, 4-6 (Groundball, 4)
Eric Harvey to third
Batting: RHB Kevin Pilkington 0-0: SINGLE (Groundball, 34D)
Eric Harvey scores
Júlio Moreno to second
Runner from 2nd tries for 3rd, SAFE, no throw
Batting: RHB José Bumgarnor 0-0: Ball
1-0: Ball
2-0: Swinging Strike
2-1: Called Strike
2-2: Strikes out swinging
Bottom of the 2nd over - 2 runs, 3 hits, 0 errors, 2 left on base; Louisiana 1 - Belleville 2
TOP OF THE 3RD
Louisiana Dragoons batting - Pitching for Belleville Bulls : LHP Dong Zhào
Batting: LHB Carlos Barrera 0-0: Called Strike
0-1: Ball
1-1: Ball
2-1: Foul Ball, location: 2F
2-2: Ball
3-2: Strikes out swinging, 2-3 out at first.
Batting: RHB Mike Printup 0-0: Ball
1-0: Ball
2-0: Ball
3-0: Foul Ball, location: 2F
3-1: Foul Ball, location: 2F
3-2: Base on Balls
Batting: RHB Pat Lloyd 0-0: Ball
1-0: Ball
Mike Printup steals 2nd base
2-0: Foul Ball, location: 2F
2-1: SINGLE (Line Drive, 6)
Mike Printup to third
Batting: LHB Ken Gill 0-0: Foul Ball, location: 2F
0-1: SINGLE (Line Drive, 8LS)
Mike Printup scores
Pat Lloyd to second
Batting: SHB Francisco Enríquez 0-0: Called Strike
0-1: Fly out, F9 (Line Drive, 9D)
Runner from 2nd tags up, SAFE at 3rd, no throw
Batting: RHB Hang-ki Chung 0-0: Called Strike
0-1: Ball
1-1: Foul Ball, location: 2F
1-2: Ball
2-2: Foul Ball, location: 2F
2-2: Strikes out swinging
Top of the 3rd over - 1 run, 2 hits, 0 errors, 2 left on base; Louisiana 2 - Belleville 2
BOTTOM OF THE 3RD
Belleville Bulls batting - Pitching for Louisiana Dragoons : RHP Ricardo Ferreira
Batting: LHB Don McGhee 0-0: Ball
1-0: Foul Ball, location: 2F
1-1: Ball
2-1: Ball
3-1: Swinging Strike
3-2: Ground out 5-3 (Groundball, 56)
Batting: RHB Rey McSriff 0-0: Foul Ball, location: 2F
0-1: Foul Ball, location: 2F
0-2: Foul Ball, location: 2F
0-2: Foul Ball, location: 2F
0-2: Ground out 1-3 (Groundball, P)
Batting: RHB Silvian Burger 0-0: Ball
1-0: Called Strike
1-1: Foul Ball, location: 2F
1-2: Fly out, F8 (Line Drive, 78S)
Bottom of the 3rd over - 0 runs, 0 hits, 0 errors, 0 left on base; Louisiana 2 - Belleville 2
TOP OF THE 4TH
Louisiana Dragoons batting - Pitching for Belleville Bulls : LHP Dong Zhào
Batting: LHB Bill Gracián 0-0: SINGLE (Groundball, 56D)
Batting: RHB Min-gook Ch'oe 0-0: Ball
1-0: Foul Ball, location: 2F
1-1: Ball
2-1: Ball
3-1: Foul Ball, location: 2F
3-2: SINGLE (Groundball, 6MD)
Bill Gracián to second
Runner from 2nd tries for 3rd, SAFE, no throw
Batting: RHB Carlos Amaya 0-0: Swinging Strike
0-1: Swinging Strike
0-2: Strikes out swinging
Batting: LHB Carlos Barrera 0-0: Called Strike
0-1: Ball
1-1: Foul Ball, location: 2F
1-2: Grounds into double play, 6-4-3 (Groundball, 6)
Top of the 4th over - 0 runs, 2 hits, 0 errors, 1 left on base; Louisiana 2 - Belleville 2
BOTTOM OF THE 4TH
Belleville Bulls batting - Pitching for Louisiana Dragoons : RHP Ricardo Ferreira
Batting: RHB Cheh Zhi 0-0: Swinging Strike
0-1: SINGLE (Flyball, 8LS)
Batting: RHB Eric Harvey 0-0: Called Strike
0-1: Foul Ball, location: 2F
0-2: Ball
1-2: Strikes out swinging
Batting: RHB Manuel Vroonland 0-0: Swinging Strike
0-1: Swinging Strike
0-2: Ball
1-2: Strikes out swinging
Batting: SHB Júlio Moreno 0-0: Ball
1-0: Foul Ball, location: 2F
1-1: SINGLE (Line Drive, 78M)
Cheh Zhi to second
Batting: RHB Kevin Pilkington 0-0: Foul Ball, location: 2F
0-1: Swinging Strike
0-2: Ball
1-2: Ground out 4-3 (Groundball, 4)
Bottom of the 4th over - 0 runs, 2 hits, 0 errors, 2 left on base; Louisiana 2 - Belleville 2
TOP OF THE 5TH
Louisiana Dragoons batting - Pitching for Belleville Bulls : LHP Dong Zhào
Batting: RHB Mike Printup 0-0: Ball
1-0: Ball
2-0: Ball
3-0: Called Strike
3-1: Base on Balls
Pitching: RHP Hao Che
Batting: RHB Pat Lloyd 0-0: Ball
1-0: Ball
2-0: Called Strike
2-1: Swinging Strike
2-2: Fly out, F5 (Popup, 56S)
Batting: LHB Ken Gill 0-0: Ball
Mike Printup steals 2nd base
1-0: Intentional Walk
Batting: SHB Francisco Enríquez 0-0: Swinging Strike
0-1: Ball
Passed Ball!
Mike Printup to third
Ken Gill to second
1-1: Intentional Walk
Batting: RHB Hang-ki Chung 0-0: Called Strike
0-1: Fly out, F8 (Flyball, 8RM)
Runner from 3rd tags up, SCORES, throw made
Batting: LHB Bill Gracián 0-0: Ball
1-0: Foul Ball, location: 2F
1-1: Ground out 3-1 (Groundball, 34S)
Top of the 5th over - 1 run, 0 hits, 0 errors, 2 left on base; Louisiana 3 - Belleville 2
BOTTOM OF THE 5TH
Belleville Bulls batting - Pitching for Louisiana Dragoons : RHP Ricardo Ferreira
Batting: RHB José Bumgarnor 0-0: Called Strike
0-1: Fly out, F7 (Line Drive, 7D)
Batting: LHB Don McGhee 0-0: Ball
1-0: Ground out 6-3 (Groundball, 6)
Batting: RHB Rey McSriff 0-0: Ball
1-0: Ball
2-0: SINGLE (Groundball, 34D)
Batting: RHB Silvian Burger 0-0: Ball
1-0: Fielders Choice at 2nd, 6-4 (Groundball, 56)
Bottom of the 5th over - 0 runs, 1 hit, 0 errors, 1 left on base; Louisiana 3 - Belleville 2
TOP OF THE 6TH
Louisiana Dragoons batting - Pitching for Belleville Bulls : RHP Hao Che
Batting: RHB Min-gook Ch'oe 0-0: Foul Ball, location: 2F
0-1: Called Strike
0-2: Strikes out swinging
Batting: RHB Carlos Amaya 0-0: Ball
1-0: Called Strike
1-1: Foul Ball, location: 2F
1-2: TRIPLE (Flyball, 7D)
Batting: LHB Carlos Barrera 0-0: Called Strike
0-1: Called Strike
0-2: Foul Ball, location: 2F
0-2: Fly out, F4 (Line Drive, 34)
Batting: RHB Mike Printup 0-0: Ball
1-0: Ball
Passed Ball!
Carlos Amaya scores
2-0: Ball
3-0: Called Strike
3-1: Foul Ball, location: 2F
3-2: Fly out, F9 (Line Drive, 89M)
Top of the 6th over - 1 run, 1 hit, 0 errors, 0 left on base; Louisiana 4 - Belleville 2
BOTTOM OF THE 6TH
Belleville Bulls batting - Pitching for Louisiana Dragoons : RHP Ricardo Ferreira
Batting: RHB Cheh Zhi 0-0: Called Strike
0-1: Called Strike
0-2: Strikes out looking
Batting: RHB Eric Harvey 0-0: Foul Ball, location: 2F
0-1: Ball
1-1: Ball
2-1: Ground out 5-3 (Groundball, 56)
Batting: RHB Manuel Vroonland 0-0: Swinging Strike
0-1: Foul Ball, location: 2F
0-2: Ball
1-2: Ball
2-2: Strikes out swinging
Bottom of the 6th over - 0 runs, 0 hits, 0 errors, 0 left on base; Louisiana 4 - Belleville 2
TOP OF THE 7TH
Louisiana Dragoons batting - Pitching for Belleville Bulls : LHP Luis Soto
Pitching: LHP Luis Soto
Batting: RHB Pat Lloyd 0-0: Swinging Strike
0-1: Foul Ball, location: 2F
0-2: Ball
1-2: Fly out, F7 (Flyball, 7D)
Batting: LHB Ken Gill 0-0: SINGLE (Flyball, 34D)
Batting: SHB Francisco Enríquez 0-0: Fly out, F8 (Flyball, 8LD)
Batting: RHB Hang-ki Chung 0-0: Ball
Ken Gill is caught stealing 2nd base
Top of the 7th over - 0 runs, 1 hit, 0 errors, 0 left on base; Louisiana 4 - Belleville 2
BOTTOM OF THE 7TH
Belleville Bulls batting - Pitching for Louisiana Dragoons : RHP Ricardo Ferreira
Pitching: RHP Hamad Al Fardan
Batting: SHB Júlio Moreno 0-0: Foul Ball, location: 2F
0-1: Ball
1-1: Ground out 4-3 (Groundball, 34D)
Batting: RHB Kevin Pilkington 0-0: Ball
1-0: Ground out 5-3 (Groundball, 56)
Batting: RHB José Bumgarnor 0-0: Ball
1-0: Swinging Strike
1-1: Called Strike
1-2: Strikes out looking
Bottom of the 7th over - 0 runs, 0 hits, 0 errors, 0 left on base; Louisiana 4 - Belleville 2
TOP OF THE 8TH
Louisiana Dragoons batting - Pitching for Belleville Bulls : LHP Luis Soto
Batting: RHB Hang-ki Chung 0-0: Ball
1-0: Ball
2-0: Ball
3-0: Called Strike
3-1: Base on Balls
Batting: LHB Bill Gracián 0-0: Sac Bunt - play at first, batter OUT! 2-3
Hang-ki Chung to second
Batting: RHB Min-gook Ch'oe 0-0: Intentional Walk
Batting: RHB Carlos Amaya 0-0: Ball
Hang-ki Chung is caught stealing 3rd base
1-0: Called Strike
1-1: Foul Ball, location: 2F
1-2: Strikes out looking
Top of the 8th over - 0 runs, 0 hits, 0 errors, 1 left on base; Louisiana 4 - Belleville 2
BOTTOM OF THE 8TH
Belleville Bulls batting - Pitching for Louisiana Dragoons : RHP Hamad Al Fardan
Batting: LHB Don McGhee 0-0: Called Strike
0-1: Ball
1-1: Called Strike
1-2: Ball
2-2: Ball
3-2: Base on Balls
Batting: RHB Rey McSriff 0-0: Called Strike
0-1: Fly out, F1 (Line Drive, 15S)
Batting: RHB Silvian Burger 0-0: Called Strike
0-1: Ball
1-1: Ball
2-1: Foul Ball, location: 2F
2-2: Ball
3-2: Foul Ball, location: 2F
3-2: Strikes out looking
Batting: RHB Cheh Zhi 0-0: Called Strike
0-1: Fly out, F5 (Popup, 5F)
Bottom of the 8th over - 0 runs, 0 hits, 0 errors, 1 left on base; Louisiana 4 - Belleville 2
TOP OF THE 9TH
Louisiana Dragoons batting - Pitching for Belleville Bulls : LHP Luis Soto
Batting: LHB Carlos Barrera 0-0: Called Strike
0-1: Swinging Strike
0-2: Ball
1-2: Strikes out looking
Batting: RHB Mike Printup 0-0: Ball
1-0: Ground out 4-3 (Groundball, 4)
Batting: RHB Pat Lloyd 0-0: Ball
1-0: Foul Ball, location: 2F
1-1: Ball
2-1: SINGLE (Flyball, 78S)
Batting: LHB Ken Gill 0-0: Ball
1-0: Foul Ball, location: 2F
1-1: Ball
2-1: Foul Ball, location: 2F
2-2: Foul Ball, location: 2F
2-2: Foul Ball, location: 2F
2-2: SINGLE (Flyball, 9LM)
Pat Lloyd to second
Batting: SHB Francisco Enríquez 0-0: Foul Ball, location: 2F
0-1: Fielders Choice at 2nd, 5-4 (Groundball, 5)
Top of the 9th over - 0 runs, 2 hits, 0 errors, 2 left on base; Louisiana 4 - Belleville 2
BOTTOM OF THE 9TH
Belleville Bulls batting - Pitching for Louisiana Dragoons : RHP Hamad Al Fardan
Pitching: RHP Edmond McCord
Batting: RHB Eric Harvey 0-0: Ball
1-0: Ball
2-0: Ball
3-0: Called Strike
3-1: Fly out, F6 (Line Drive, 6)
Batting: RHB Manuel Vroonland 0-0: Ball
1-0: Ball
2-0: Fly out, F6 (Popup, 4MS)
Batting: SHB Júlio Moreno 0-0: Called Strike
0-1: Ball
1-1: Called Strike
1-2: Foul Ball, location: 2F
1-2: Foul Ball, location: 2F
1-2: Foul Ball, location: 2F
1-2: Ball
2-2: Ball
3-2: Strikes out swinging
Bottom of the 9th over - 0 runs, 0 hits, 0 errors, 0 left on base; Louisiana 4 - Belleville 2
Wednesday, September 19th, 2018 - OOTP Baseball 18.8 Build 76